 Dungeon Crawl Stone Soup version 0.22-a0-247-gbddf880 (webtiles) character file.

69412 mhoghedin the Fighter (level 14, -3/132 HPs)
             Began as a Red Draconian Warper on Feb 26, 2018.
             Was the Champion of Ashenzari.
             Slain by a sphinx (6 damage)
             ... on level 12 of the Dungeon.
             The game lasted 01:08:39 (23081 turns).

mhoghedin the Fighter (Red Draconian Warper)       Turns: 23081, Time: 01:08:40

Health: -3/132     AC: 14    Str: 15    XL:     14   Next: 90%
Magic:  13/21      EV: 23    Int: 16    God:    Ashenzari [******]
Gold:   1517       SH:  6    Dex: 15    Spells: 5/22 levels left

rFire    + . .     SeeInvis +   B - +3 demon trident (flame) (curse)
rCold    . . .     Gourm    .   J - +0 buckler
rNeg     . . .     Faith    .   (armour unavailable)
rPois    .         Spirit   .   (helmet restricted)
rElec    .         Reflect  .   x - scarf {cloud immunity} (curse)
rCorr    .         Harm     .   s - +2 pair of gloves {Dex+3} (curse)
MR       ++...     Clarity  +   n - +2 pair of boots (curse)
Stlth    ++........             f - amulet of regeneration (curse) {+regen, !d}
HPRegen  0.72/turn              q - ring of protection from magic (curse) {MR+, !d}
MPRegen  0.17/turn              (no ring)

@: no status effects
A: breathe fire, unfitting armour, fire resistance 1, cold-blooded, AC +8
a: Breathe Fire, Curse Item, Scrying, Transfer Knowledge, Renounce Religion


You were on level 12 of the Dungeon.
You worshipped Ashenzari.
Ashenzari was exalted by your worship.
You were not hungry.

You visited 3 branches of the dungeon, and saw 20 of its levels.
You also visited: Volcano.

You collected 1715 gold pieces.
You spent 198 gold pieces at shops.

Inventory:

Hand Weapons
 w - a +0 war axe of electrocution
   (You took it off an orc on level 8 of the Dungeon)
 B - a cursed +3 demon trident of flaming (weapon)
   (You found it in a volcano)
 H - the cursed +7 executioner's axe of Gebusax {antimagic, rC++ MR- Dex+3}
   (You acquired it on level 6 of the Lair of Beasts)

   It reduces the magical energy of the wielder, and disrupts the spells and
   magical abilities of those hit.
   Natural abilities and divine invocations are not affected.
   It affects your dexterity (+3).
   It greatly protects you from cold.
   It affects your resistance to hostile enchantments.
   It has a curse placed upon it.
Missiles
 d - 5 tomahawks of dispersal {=f}
 e - 23 tomahawks (quivered)
 P - 11 curare-tipped needles
Armour
 n - a cursed +2 pair of boots (worn)
   (You found it on level 3 of the Lair of Beasts)
 s - a cursed +2 pair of gloves of dexterity (worn)
   (You bought it in a shop on level 4 of the Dungeon)
 x - a cursed scarf of cloud immunity (worn)
   (You found it on level 3 of the Lair of Beasts)
 C - a scarf of repulsion
   (You found it on level 4 of the Lair of Beasts)
 J - a +0 buckler (worn)
   (You took it off a spriggan on level 6 of the Lair of Beasts)
Jewellery
 f - a cursed amulet of regeneration (around neck) {+regen, !d}
   (You found it on level 2 of the Lair of Beasts)
 q - a cursed ring of protection from magic (left hand) {MR+, !d}
   (You found it on level 5 of the Lair of Beasts)
 G - an uncursed ring of protection from magic {MR+, !d}
   (You took it off a spriggan rider on level 6 of the Lair of Beasts)
 I - an uncursed ring of ice {rC+, rF-}
   (You took it off Fannar on level 11 of the Dungeon)
 L - an uncursed amulet of the acrobat
   (You found it on level 6 of the Lair of Beasts)
 S - an uncursed ring of magical power {MP+9}
   (You found it on level 12 of the Dungeon)
Wands
 u - a wand of flame (40)
   (You found it on level 4 of the Dungeon)
 E - a wand of iceblast (5)
   (You found it on level 4 of the Lair of Beasts)
 K - a wand of digging (19)
   (You found it on level 6 of the Lair of Beasts)
 M - a wand of enslavement (9)
   (You found it on level 6 of the Lair of Beasts)
 N - a wand of paralysis (7)
   (You took it off a boggart on level 6 of the Lair of Beasts)
Scrolls
 c - 8 scrolls of blinking {!r}
 g - 3 scrolls of remove curse
 i - 8 scrolls of magic mapping {!r}
 j - 7 scrolls of teleportation
 l - 4 scrolls of identify
 m - 3 scrolls of fog
 v - a scroll of fear
 y - 5 scrolls of amnesia
 z - 5 scrolls of immolation {!r}
 R - a scroll of enchant armour
Potions
 a - 4 potions of curing
 h - 2 potions of magic
 k - 2 potions of brilliance
 o - 2 potions of haste
 p - 3 potions of flight
 r - a potion of agility
 t - 5 potions of heal wounds
 A - a potion of ambrosia
 D - 2 potions of mutation {!q}
Miscellaneous
 O - a sack of spiders
Comestibles
 b - 25 rations


   Skills:
 - Level 14.2 Fighting
 - Level 12.3(13.1) Axes
 - Level 7.7(14.1) Polearms
 - Level 0.8 Throwing
 - Level 12.3(15.0) Dodging
 - Level 6.0 Shields
 + Level 4.6 Spellcasting
 - Level 3.7(6.4) Charms
 - Level 8.0(11.0) Translocations
 - Level 5.3(8.3) Evocations


You had 5 spell levels left.
You knew the following spells:

 Your Spells              Type           Power        Failure   Level  Hunger
a - Shroud of Golubria    Chrm/Tloc      ####......   1%          2    ##.....
b - Blink                 Tloc           N/A          1%          2    ##.....
c - Gell's Gravitas       Tloc           #####.....   1%          3    ###....
d - Lesser Beckoning      Tloc           #####.....   1%          3    ###....
e - Teleport Other        Tloc           #####...     1%          3    ###....
f - Passage of Golubria   Tloc           N/A          1%          4    ####...


Dungeon Overview and Level Annotations

Branches:
Dungeon (13/15)            Temple (1/1) D:4            Lair (6/6) D:10
 Shoals (0/4) Lair:2        Snake (0/4) Lair:2        Slime (0/5) Lair:6
    Orc (0/2) D:10
 Vaults: D:13-14

Altars:
Ashenzari
Cheibriados
Dithmenos
Elyvilon
Fedhas
Gozag
Hepliaklqana
Kikubaaqudgha
Makhleb
Nemelex Xobeh
Okawaru
Qazlal
Ru
Sif Muna
Trog
Uskayaw
Vehumet
Wu Jian
Xom
Yredelemnul
Zin
The Shining One
Beogh
Jiyva
Lugonu

Shops:
D:4 [   D:6 [   D:7 %

Annotations:
Lair:1 exclusion: oklob plant


Innate Abilities, Weirdness & Mutations

You can breathe blasts of fire.
Your fiery red scales are hard. (AC +8)
You cannot fit into any form of body armour.
Your flesh is heat resistant. (rF+)
You are cold-blooded and may be slowed by cold attacks.


Message History

Aim: a cyan ugly thing You reach to attack!
You impale the cyan ugly thing!! You burn the cyan ugly thing.
You hear a shout!
Attack whom?
Aim: a cyan ugly thing (heavily wounded)
You reach to attack!
You impale the cyan ugly thing!! You burn the cyan ugly thing.
You barely miss the cyan ugly thing. You tail-slap the cyan ugly thing.
The cyan ugly thing kicks you. The cyan ugly thing shocks you!
You take 19 damage, and have 113/132 hp.
You closely miss the cyan ugly thing.
A sphinx comes into view.
Aim: an electric eel (water)
The puff of flame hits the electric eel.
The cyan ugly thing kicks you! The cyan ugly thing shocks you!
The electric eel is engulfed in a cloud of scalding steam.
The electric eel shoots out a bolt of lightning at you!
The bolt of electricity hits you! The bolt of electricity misses you.
You take 25 damage, and have 88/132 hp.
You completely miss the cyan ugly thing.
Your tail-slap misses the cyan ugly thing.
The cyan ugly thing kicks you! The cyan ugly thing shocks you!
The electric eel is engulfed in a cloud of scalding steam.
You kill the electric eel!
All of the chunks of flesh in your inventory have rotted away.
You take 23 damage, and have 65/132 hp.
You puncture the cyan ugly thing! You burn the cyan ugly thing.
You tail-slap the cyan ugly thing, but do no damage.
The cyan ugly thing misses you.
You puncture the cyan ugly thing! You burn the cyan ugly thing.
You kill the cyan ugly thing!
The skeletal warrior picks up 9 stones.
You are too injured to fight recklessly!
A death knight comes into view.
It is wielding an enchanted morningstar.
The skeletal warrior throws a stone.
The stone completely misses you.
You see here a stone.
There is a stone staircase leading up here.
The sphinx completely misses you. The sphinx hits you but does no damage.
The sphinx completely misses you.
You climb upwards.
There is a stone staircase leading down here.
You regained 2 hp, and now have 70/132 hp.
MP restored: 21 Space distorts slightly along a thin shroud covering your body.
The sphinx hits you.
Your shroud falls apart!
The sphinx hits you but does no damage. The sphinx completely misses you.
You take 4 damage, and have 66/132 hp.
You now have 19/21 mp.
Unknown command.
Space distorts slightly along a thin shroud covering your body.
Your shroud bends the sphinx's attack away!
The sphinx misses you. x2
You now have 17/21 mp.
You hit the sphinx. You burn the sphinx. The sphinx hits you.
The sphinx hits you but does no damage. The sphinx hits you.
You take 11 damage, and have 56/132 hp.
You hit the sphinx. You burn the sphinx. You hit the sphinx.
You burn the sphinx.
You tail-slap the sphinx, but do no damage.
The sphinx closely misses you. The sphinx misses you.
The sphinx closely misses you.
You puncture the sphinx! You burn the sphinx. The sphinx barely misses you.
The sphinx hits you but does no damage. The sphinx barely misses you.
You puncture the sphinx! You burn the sphinx. You hit the sphinx.
You burn the sphinx. You block the sphinx's attack.
The sphinx closely misses you. The sphinx hits you.
Your shroud falls apart!
You take 6 damage, and have 52/132 hp.
Unknown command.
Space distorts slightly along a thin shroud covering your body.
The sphinx closely misses you. The sphinx hits you.
Your shroud falls apart!
The sphinx hits you but does no damage.
You now have 16/21 mp.
Space distorts slightly along a thin shroud covering your body.
The sphinx casts a spell.
Something smites you!
* * * LOW HITPOINT WARNING * * *
You take 13 damage, and have 39/132 hp.
You now have 14/21 mp.
You puncture the sphinx! You burn the sphinx. The sphinx hits you.
* * * LOW HITPOINT WARNING * * *
Your shroud falls apart!
The sphinx misses you. The sphinx hits you!
* * * LOW HITPOINT WARNING * * *
You take 15 damage, and have 24/132 hp.
You impale the sphinx!! You burn the sphinx. The sphinx hits you!!
* * * LOW HITPOINT WARNING * * *
The sphinx completely misses you. You block the sphinx's attack.
You take 22 damage, and have 2/132 hp.
You hit the sphinx. You burn the sphinx.
Space distorts slightly along a thin shroud covering your body.
The sphinx barely misses you.
Your shroud bends the sphinx's attack away.
You block the sphinx's attack.
You now have 12/21 mp.
You hit the sphinx but do no damage.
Your shroud bends the sphinx's attack away!
The sphinx hits you.
You die...

...#####.....######
.......#.....#....#
....)..#.....#....#
.......#.....#....#
#......#####.#....#
#.................#
#.................#
#.................#
#....<.........H@.#
############......#
#......#..........#
#......#..........#
#......#....[[....#
#......#....[.[...#
.......#..........#
#####..######.....#
....#...#.........#


You could see a sphinx.

Vanquished Creatures
  Frances (D:12)
  Kirke (Lair:4)
  A stone giant (Volcano)
  Fannar (D:11)
  Josephine (D:11)
  The ghost of Regeox the Fighter, a journeyman DsCK of Xom (D:9)
  6 hydras
  The ghost of Arthanis the Arsonist, a journeyman DEFE of Vehumet (D:12)
  7 death yaks
  2 two-headed ogres (D:11)
  Erica (D:9)
  Sonja (D:12)
  Nergalle (D:11)
  A skeletal warrior (D:13)
  The ghost of matakusis the Slasher, a novice DsGl (D:5)
  6 elephants
  3 ugly things
  A manticore (D:13)
  A cyclops (D:12)
  2 centaur zombies
  Psyche (D:11)
  4 black mambas
  2 molten gargoyles (Volcano)
  A torpor snail (Lair:6)
  3 gargoyles (Volcano)
  12 spiny frogs
  2 centaur skeletons
  An efreet (Volcano)
  A rime drake (Lair:6)
  7 komodo dragons
  A kobold demonologist (D:12)
  8 polar bears
  2 trolls
  6 hornets (Lair:6)
  15 dream sheep
  17 blink frogs
  A snapping turtle (Lair:2)
  8 hippogriffs
  12 spriggans (Lair:6)
  5 wraiths
  47 yaks
  A fire bat (Volcano)
  3 wyverns
  2 hogs (Lair:4)
  Grum (D:10)
  5 basilisks
  A fire elemental (Volcano)
  4 nagas (Lair:2)
  The ghost of mhoghedin the Magician, an amateur GnWn of Cheibriados (D:3)
  8 water moccasins
  21 orc warriors
  5 porcupines
  2 sky beasts
  2 ice beasts
  2 hornet zombies
  3 black bears (Lair:6)
  A phantom (D:4)
  3 boggarts (Lair:6)
  7 ogres
  4 necrophages
  5 centaurs
  24 wolves
  7 crocodiles
  3 big kobolds (D:8)
  9 bullfrogs
  2 water moccasin zombies
  7 scorpions
  17 wights
  5 electric eels
  3 lava snakes (Volcano)
  6 crimson imps
  2 bullfrog zombies
  3 jellies
  11 hounds
  16 orc priests
  18 orc wizards
  Jessica (D:2)
  A gnoll shaman (D:9)
  11 worker ants
  An iguana (D:8)
  3 hell rats (D:10)
  2 killer bee zombies
  2 hound zombies
  A mummy (D:10)
  Robin (D:4)
  8 adders
  5 gnolls (D:9)
  2 howler monkey skeletons
  6 shadow imps
  An adder skeleton (D:9)
  An adder zombie (D:10)
  A dart slug (D:2)
  4 leopard geckos
  98 orcs
  6 giant cockroaches
  11 goblins
  8 hobgoblins
  6 kobolds
  4 quokkas
  2 ball pythons
  6 bats
  4 frilled lizards
  A giant cockroach zombie (D:6)
  A leopard gecko zombie (D:6)
  2 quokka zombies (D:6)
  9 rats
  3 fungi
  3 plants
625 creatures vanquished.

Vanquished Creatures (others)
  3 bushes (Lair:6)
  26 fungi
  18 plants
  2 withered plants (D:10)
49 creatures vanquished.

Grand Total: 674 creatures vanquished

Notes
Turn   | Place    | Note
-------+----------+-------------------------------------------
     0 | D:1      | mhoghedin the Draconian Warper began the quest for the Orb.
     0 | D:1      | Reached XP level 1. HP: 17/17 MP: 3/3
   169 | D:1      | Reached XP level 2. HP: 25/25 MP: 5/5
   541 | D:2      | Reached XP level 3. HP: 20/30 MP: 6/6
   839 | D:2      | Reached skill level 3 in Fighting
   854 | D:2      | Noticed Jessica
   861 | D:2      | Killed Jessica
   902 | D:2      | Learned a level 2 spell: Blink
   905 | D:2      | Learned a level 2 spell: Shroud of Golubria
   970 | D:2      | Reached XP level 4. HP: 34/38 MP: 7/7
  1001 | D:2      | HP: 7/38 [scorpion (4)]
  1011 | D:2      | Reached skill level 3 in Polearms
  1011 | D:2      | Reached skill level 3 in Dodging
  1445 | D:3      | Reached XP level 5. HP: 37/46 MP: 8/8
  1629 | D:3      | Noticed mhoghedin's ghost (amateur GnWn)
  1676 | D:3      | HP: 5/46 [mhoghedin's ghost (9)]
  1691 | D:3      | HP: 10/69 [mhoghedin's ghost (6)]
  1705 | D:3      | Killed mhoghedin's ghost
  1705 | D:3      | Reached skill level 4 in Fighting
  1705 | D:3      | Reached skill level 4 in Polearms
  1705 | D:3      | Reached XP level 6. HP: 30/53 MP: 5/9
  1962 | D:3      | Found a glowing golden altar of the Shining One.
  2253 | D:3      | Learned a level 3 spell: Gell's Gravitas
  2425 | D:4      | Noticed Robin
  2550 | D:4      | Reached skill level 4 in Dodging
  2597 | D:4      | Killed Robin
  2662 | D:4      | Found a staircase to the Ecumenical Temple.
  2668 | Temple   | Entered the Ecumenical Temple
  2698 | Temple   | Became a worshipper of Ashenzari the Shackled
  2777 | D:4      | You fall through a shaft for 3 floors!
  2864 | D:6      | Found a hazy altar of Hepliaklqana.
  2988 | D:6      | Reached skill level 5 in Fighting
  2997 | D:6      | HP: 12/56 [bullfrog (8)]
  3003 | D:6      | HP: 11/56 [bullfrog (3)]
  3004 | D:6      | Your scales start taking on a fiery red colour.
  3004 | D:6      | Reached XP level 7. HP: 12/61 MP: 7/10
  3004 | D:6      | Gained mutation: Your flesh is heat resistant. (rF+) [Red Draconian growth]
  3378 | D:5      | Entered Level 5 of the Dungeon
  3594 | D:4      | Learned a level 3 spell: Lesser Beckoning
  3617 | D:4      | Found Axzec's Armour Shoppe.
  3940 | D:4      | Reached skill level 1 in Charms
  4246 | D:4      | Found a radiant altar of Vehumet.
  4248 | D:4      | Found a bloodstained altar of Trog.
  4646 | D:5      | Noticed matakusis's ghost (novice DsGl)
  4652 | D:5      | Reached skill level 3 in Spellcasting
  4652 | D:5      | Reached skill level 2 in Charms
  4652 | D:5      | Reached skill level 4 in Translocations
  4767 | D:5      | Reached XP level 8. HP: 65/68 MP: 12/12
  4969 | D:5      | Learned a level 3 spell: Teleport Other
  5027 | D:5      | Killed matakusis's ghost
  5027 | D:5      | Reached skill level 4 in Spellcasting
  5027 | D:5      | Reached skill level 3 in Charms
  5027 | D:5      | Reached skill level 5 in Translocations
  5080 | D:5      | Found a bloodstained altar of Trog.
  5124 | D:5      | Reached * piety under Ashenzari
  5440 | D:6      | Reached skill level 5 in Polearms
  5650 | D:6      | HP: 15/69 [orc warrior/battleaxe (6)]
  5688 | D:6      | HP: 21/105 [ogre/giant club (12)]
  5690 | D:6      | Reached skill level 5 in Dodging
  6013 | D:6      | Reached skill level 6 in Fighting
  6100 | D:6      | Found Kowues's Antique Armour Shop.
  6189 | D:4      | Bought a +1 pair of gloves of dexterity for 198 gold pieces
  6434 | D:6      | Reached XP level 9. HP: 67/75 MP: 15/15
  6531 | D:6      | Found a sacrificial altar of Ru.
  6971 | D:7      | Reached ** piety under Ashenzari
  7053 | D:7      | Found a snail-covered altar of Cheibriados.
  7201 | D:7      | Found Eguqan's Food Emporium.
  7451 | D:8      | Reached skill level 6 in Polearms
  7747 | D:8      | Found a hide-covered altar of Uskayaw.
  8026 | D:8      | Reached skill level 7 in Fighting
  8026 | D:8      | Reached skill level 6 in Dodging
  8155 | D:8      | Reached skill level 7 in Polearms
  8206 | D:8      | Noticed a three-headed hydra
  8222 | D:8      | Killed a three-headed hydra
  8222 | D:8      | Reached skill level 8 in Fighting
  8222 | D:8      | Reached skill level 7 in Dodging
  8222 | D:8      | Reached XP level 10. HP: 63/85 MP: 16/16
  8557 | D:8      | Found a shadowy altar of Dithmenos.
  8564 | D:8      | Learned a level 4 spell: Passage of Golubria
  8613 | D:9      | Noticed Regeox's ghost (journeyman DsCK)
  8643 | D:9      | HP: 14/87 [Regeox's ghost (13)]
  9278 | D:9      | Killed Regeox's ghost
  9278 | D:9      | Reached skill level 2 in Axes
  9335 | D:9      | Found a blossoming altar of Fedhas.
  9335 | D:9      | Found a glowing silver altar of Zin.
  9335 | D:9      | Found a burning altar of Makhleb.
  9335 | D:9      | Found a stormy altar of Qazlal.
  9345 | D:9      | Noticed Erica
  9347 | D:9      | Found a white marble altar of Elyvilon.
  9355 | D:9      | Killed Erica
  9355 | D:9      | Reached skill level 9 in Fighting
  9355 | D:9      | Reached skill level 3 in Axes
  9562 | D:9      | Found a sparkling altar of Nemelex Xobeh.
  9807 | D:9      | Reached skill level 8 in Dodging
  9975 | D:10     | Entered Level 10 of the Dungeon
 10084 | D:10     | Found a staircase to the Orcish Mines.
 10127 | D:10     | Noticed Grum
 10400 | D:10     | Noticed a death yak
 10420 | D:10     | Reached skill level 4 in Axes
 10431 | D:10     | Killed a death yak
 10448 | D:10     | Found a staircase to the Lair.
 10450 | D:10     | Noticed a death yak
 10461 | D:10     | Killed a death yak
 10461 | D:10     | Reached skill level 10 in Fighting
 10461 | D:10     | Reached XP level 11. HP: 43/96 MP: 17/17
 10471 | D:10     | HP: 13/96 [orc warrior/broad axe (18)]
 10646 | Lair:1   | Entered Level 1 of the Lair of Beasts
 10796 | Lair:1   | Reached skill level 5 in Axes
 10806 | Lair:1   | Noticed an oklob plant
 11045 | Lair:1   | Reached *** piety under Ashenzari
 11547 | Lair:1   | Noticed an eight-headed hydra
 11714 | D:10     | Killed Grum
 11991 | D:10     | Reached skill level 6 in Translocations
 12008 | D:10     | Noticed a death yak
 12014 | D:10     | Killed a death yak
 12023 | D:10     | Reached skill level 7 in Translocations
 12029 | D:10     | Reached skill level 6 in Axes
 12447 | D:10     | HP: 18/98 [orc priest/divine providence (8)]
 12507 | D:10     | HP: 21/98 [orc warrior/war axe of freezing (12)]
 12834 | D:10     | Reached skill level 7 in Axes
 12947 | D:10     | Identified the +1 dagger of Zep Map {drain, +Fly MR+ Dex+3} (You took it off an orc on level 10 of the Dungeon)
 13070 | D:10     | Found a roughly hewn altar of Beogh.
 13440 | D:10     | HP: 14/98 [11-headed hydra (12)]
 13440 | D:10     | HP: 5/98 [11-headed hydra (2)]
 13441 | D:10     | Killed an 11-headed hydra
 13441 | D:10     | Reached skill level 8 in Axes
 14487 | Lair:2   | Reached skill level 9 in Axes
 14506 | Lair:2   | Reached XP level 12. HP: 89/104 MP: 18/18
 14696 | Lair:2   | Reached skill level 10 in Axes
 14823 | Lair:2   | Found a staircase to the Snake Pit.
 14955 | Lair:2   | Reached **** piety under Ashenzari
 15102 | Lair:2   | Found a staircase to the Shoals.
 15366 | Lair:3   | Reached skill level 11 in Axes
 15842 | Lair:4   | Reached skill level 12 in Axes
 15980 | Lair:4   | Reached skill level 9 in Dodging
 16063 | Lair:4   | Noticed Kirke
 16077 | Lair:4   | Killed Kirke
 16437 | Lair:4   | HP: 14/105 [black mamba (19)]
 16440 | Lair:4   | Reached skill level 11 in Fighting
 16685 | Lair:5   | Reached XP level 13. HP: 100/116 MP: 17/19
 16904 | Lair:5   | Reached skill level 10 in Dodging
 17036 | Lair:4   | HP: 28/117 [polar bear (15)]
 17401 | Lair:5   | Reached skill level 12 in Fighting
 17497 | Lair:5   | Reached ***** piety under Ashenzari
 17815 | Lair:6   | Entered Level 6 of the Lair of Beasts
 17815 | Lair:6   | Found a dark tunnel.
 17821 | Volcano  | Entered a volcano
 18033 | Volcano  | Found a bloodstained altar of Trog.
 18059 | Volcano  | Noticed a stone giant
 18065 | Volcano  | Reached skill level 1 in Evocations
 18082 | Volcano  | Killed a stone giant
 18253 | Volcano  | Reached skill level 2 in Evocations
 18629 | Lair:6   | Reached skill level 8 in Translocations
 18718 | Lair:6   | Paralysed by a hornet for 1 turns
 18722 | Lair:6   | Reached skill level 1 in Shields
 18735 | Lair:6   | Reached skill level 2 in Shields
 18744 | Lair:6   | Paralysed by a hornet for 3 turns
 18762 | Lair:6   | HP: 29/119 [poisoned by a hornet]
 18992 | Lair:6   | Reached skill level 3 in Shields
 19069 | Lair:6   | Reached skill level 4 in Shields
 19269 | Lair:6   | Reached skill level 5 in Shields
 19330 | Lair:6   | Reached XP level 14. HP: 72/127 MP: 4/20
 19402 | Lair:6   | Reached skill level 6 in Shields
 19441 | Lair:6   | HP: 31/127 [poisoned by a spriggan rider]
 19443 | Lair:6   | Reached skill level 11 in Dodging
 19446 | Lair:6   | HP: 25/127 [poisoned by a spriggan rider]
 19451 | Lair:6   | HP: 20/127 [poisoned by a spriggan rider]
 19456 | Lair:6   | HP: 18/127 [poisoned by a spriggan rider]
 19461 | Lair:6   | HP: 17/127 [poisoned by a spriggan rider]
 19466 | Lair:6   | HP: 18/127 [poisoned by a spriggan rider]
 19471 | Lair:6   | HP: 19/127 [poisoned by a spriggan rider]
 19478 | Lair:6   | HP: 22/127 [poisoned by a spriggan rider]
 19486 | Lair:6   | HP: 26/127 [poisoned by a spriggan rider]
 19890 | Lair:6   | Reached skill level 13 in Fighting
 19990 | Lair:6   | Found a viscous altar of Jiyva.
 19992 | Lair:6   | Found a staircase to the Slime Pits.
 20147 | Lair:6   | Identified the +3 dire flail "Xesoxerege" {drain, Dex+4}
 20357 | Lair:6   | Identified a scroll of acquirement
 20361 | Lair:6   | Identified the cursed +7 executioner's axe of Gebusax {antimagic, rC++ MR- Dex+3} (You acquired it on level 6 of the Lair of Beasts)
 20591 | D:11     | Noticed Fannar
 20609 | D:11     | Killed Fannar
 20725 | D:11     | Reached skill level 3 in Evocations
 20728 | D:11     | HP: 21/129 [two-headed ogre/giant club (22)]
 20954 | D:11     | Noticed Psyche
 20964 | D:11     | Killed Psyche
 21233 | D:11     | Noticed Nergalle
 21244 | D:11     | Killed Nergalle
 21429 | D:11     | Noticed Josephine
 21468 | D:11     | Reached skill level 4 in Evocations
 21508 | D:11     | Killed Josephine
 21508 | D:11     | Reached skill level 12 in Dodging
 21564 | D:12     | Found a snail-covered altar of Cheibriados.
 21564 | D:12     | Noticed Sonja
 21575 | D:12     | Killed Sonja
 21620 | D:12     | Noticed Arthanis's ghost (journeyman DEFE)
 21651 | D:12     | Killed Arthanis's ghost
 21651 | D:12     | Reached skill level 14 in Fighting
 21924 | D:12     | Noticed Frances
 21962 | D:12     | HP: 33/132 [Frances/halberd (18)]
 21964 | D:12     | HP: 8/132 [Frances/halberd (26)]
 21967 | D:12     | Killed Frances
 21967 | D:12     | Reached skill level 5 in Evocations
 22428 | D:12     | Reached ****** piety under Ashenzari
 23058 | D:13     | Noticed a sphinx
 23077 | D:12     | HP: 24/132 [sphinx (11)]
 23078 | D:12     | HP: 2/132 [sphinx (23)]
 23081 | D:12     | Slain by a sphinx

Vault maps used:
D:1:      minmay_arrival_solitary_statue
D:2:      uniq_jessica
D:3:      nicolae_tso_swordbearing_angel
D:4:      nicolae_overflow_hidden_temple, minmay_temple_entry_enclosed_plants,
          first_ration, kennysheep_diamond, uniq_robin
D:5:      minivault_14, trog_butcher_becter
D:6:      overflow_temple_1_default, kennysheep_little_box, serial_shops,
          kennysheep_mini
D:7:      lemuel_crystal_altar, serial_shops,
          nicolae_shop_temple_entry_statues_fountains
D:8:      lemuel_coloured_pillars_altar, marbit_many_paths, hangedman_ranch
D:9:      minmay_overflow_temple_hex, uniq_erica
D:10:     dpeg_lair_monsters, david_orc_1_choice, serial_undead,
          serial_undead_e, serial_undead_f, serial_undead_d, serial_undead_f,
          special_room, uniq_grum
D:11:     onia_ninara_cookie, uniq_josephine, uniq_fannar, uniq_psyche,
          uniq_nergalle
D:12:     kennysheep_decorative_pillar, spider_trap, cheibriados_altar_1,
          uniq_frances, uniq_sonja
D:13:     hangedman_vaults_entry_quadrant_bands, hangedman_glass_teeth,
          kennysheep_island_fort
Temple:   corrupted_temple
Lair:1:   wad_woods_road_04, grunt_megastairs_4, minmay_lair_oklob_chamber
Lair:2:   minmay_shoals_entry_hut, minmay_snake_entry_guardpost_large
Lair:4:   uniq_kirke
Lair:5:   serial_bayou_lagoon_b, serial_bayou_shore_a,
          infiniplex_staircase_pool_2, serial_bayou_shore_b
Lair:6:   minmay_lair_end_enchanted_forest, slime_altar_1, enter_volcano_1
Volcano:  volcano_lake

Skill      XL: |  1  2  3  4  5  6  7  8  9 10 11 12 13 14 |
---------------+-------------------------------------------+-----
Fighting       | 3 4 5 6 8 10 11 12 14 | 14.2
Polearms       | 3 4 5 7 |  7.7
Dodging        | 3 4 5 7 8 9 10 12 | 12.3
Charms         | 2 3 |  3.7
Spellcasting   | 3 4 |  4.6
Translocations | 4 5 7 8 |  8.0
Axes           | 4 9 12 | 12.3
Evocations     | 2 5 |  5.3
Shields        | 5 6 |  6.0
Throwing       | |  0.8

Action                   |  1- 3 |  4- 6 |  7- 9 | 10-12 | 13-15 || total
-------------------------+-------+-------+-------+-------+-------++-------
Melee: Spear             |    57 |    26 |    10 |       |       ||    93
       Dagger            |    38 |   182 |    68 |       |       ||   288
       Tailslap          |    11 |    17 |    52 |   110 |   141 ||   331
       Whip              |       |    58 |    47 |       |       ||   105
       Trident           |       |       |   329 |    12 |       ||   341
       War axe           |       |       |       |   711 |   819 ||  1530
       Halberd           |       |       |       |    65 |       ||    65
       Unarmed           |       |       |       |     4 |       ||     4
       Demon trident     |       |       |       |       |    27 ||    27
Throw: Tomahawk          |       |       |     2 |     2 |       ||     4
 Cast: Shroud of Golubri |       |    11 |     4 |    21 |    55 ||    91
       Gell's Gravitas   |       |       |     8 |    15 |    41 ||    64
       Teleport Other    |       |       |     4 |     9 |     3 ||    16
Invok: Curse Item        |       |       |     2 |     4 |     3 ||     9
 Abil: Breathe Fire      |       |       |     3 |    12 |     8 ||    23
Evoke: Wand              |       |       |     1 |     7 |    20 ||    28
  Use: Scroll            |     5 |     7 |     8 |    12 |    11 ||    43
       Potion            |       |     4 |     2 |     8 |     6 ||    20
 Stab: Sleeping          |       |     2 |     3 |     1 |     2 ||     8
       Distracted        |       |       |       |     1 |       ||     1
       Paralysed         |       |       |       |       |     2 ||     2
  Eat: Chunk             |       |     4 |     8 |    14 |    15 ||    41
       Ration            |       |     1 |     4 |     5 |     4 ||    14
Armor: Skin              |    18 |   103 |   131 |   170 |   161 ||   583
Dodge: Dodged            |    65 |   180 |   255 |   648 |   799 ||  1947
Block: Buckler           |       |       |       |       |   146 ||   146

Table legend:
 A = Spawn XP
 B = Non-spawn XP
 C = Spawn XP percentage of total XP
 D = Spawn monster count
 E = Non-spawn monster count
 F = Spawn count percentage of total count
 G = Total turns spent on level
                    A         B        C        D         E        F      G
               +---------+---------+-------+---------+---------+-------+---------
         Total |       0 |   99160 |   0.0 |       0 |     619 |   0.0 | 23081
               +---------+---------+-------+---------+---------+-------+---------
           D:1 |       0 |      24 |   0.0 |       0 |      15 |   0.0 |   512
           D:2 |       0 |     151 |   0.0 |       0 |      18 |   0.0 |   916
           D:3 |       0 |     267 |   0.0 |       0 |      19 |   0.0 |  1173
           D:4 |       0 |     477 |   0.0 |       0 |      28 |   0.0 |  1231
           D:5 |       0 |    1010 |   0.0 |       0 |      14 |   0.0 |   968
           D:6 |       0 |    1114 |   0.0 |       0 |      25 |   0.0 |  1924
           D:7 |       0 |     177 |   0.0 |       0 |       5 |   0.0 |   587
           D:8 |       0 |    3153 |   0.0 |       0 |      30 |   0.0 |  1379
           D:9 |       0 |    2972 |   0.0 |       0 |      29 |   0.0 |  1509
          D:10 |       0 |    9183 |   0.0 |       0 |     112 |   0.0 |  2630
          D:11 |       0 |   11655 |   0.0 |       0 |      61 |   0.0 |  1055
          D:12 |       0 |    8355 |   0.0 |       0 |      33 |   0.0 |  1275
          D:13 |       0 |    2991 |   0.0 |       0 |      15 |   0.0 |   242
        Lair:1 |       0 |    2383 |   0.0 |       0 |      11 |   0.0 |  1402
        Lair:2 |       0 |    4723 |   0.0 |       0 |      21 |   0.0 |  1047
        Lair:3 |       0 |    4291 |   0.0 |       0 |      20 |   0.0 |   530
        Lair:4 |       0 |    7648 |   0.0 |       0 |      19 |   0.0 |  1007
        Lair:5 |       0 |    8151 |   0.0 |       0 |      31 |   0.0 |  1008
        Lair:6 |       0 |   25961 |   0.0 |       0 |     101 |   0.0 |  2142
       Volcano |       0 |    4474 |   0.0 |       0 |      12 |   0.0 |   465
               +---------+---------+-------+---------+---------+-------+---------

Vault maps used:
D:1:      minmay_arrival_solitary_statue
D:2:      uniq_jessica
D:3:      nicolae_tso_swordbearing_angel
D:4:      nicolae_overflow_hidden_temple, minmay_temple_entry_enclosed_plants,
          first_ration, kennysheep_diamond, uniq_robin
D:5:      minivault_14, trog_butcher_becter
D:6:      overflow_temple_1_default, kennysheep_little_box, serial_shops,
          kennysheep_mini
D:7:      lemuel_crystal_altar, serial_shops,
          nicolae_shop_temple_entry_statues_fountains
D:8:      lemuel_coloured_pillars_altar, marbit_many_paths, hangedman_ranch
D:9:      minmay_overflow_temple_hex, uniq_erica
D:10:     dpeg_lair_monsters, david_orc_1_choice, serial_undead,
          serial_undead_e, serial_undead_f, serial_undead_d, serial_undead_f,
          special_room, uniq_grum
D:11:     onia_ninara_cookie, uniq_josephine, uniq_fannar, uniq_psyche,
          uniq_nergalle
D:12:     kennysheep_decorative_pillar, spider_trap, cheibriados_altar_1,
          uniq_frances, uniq_sonja
D:13:     hangedman_vaults_entry_quadrant_bands, hangedman_glass_teeth,
          kennysheep_island_fort
Temple:   corrupted_temple
Lair:1:   wad_woods_road_04, grunt_megastairs_4, minmay_lair_oklob_chamber
Lair:2:   minmay_shoals_entry_hut, minmay_snake_entry_guardpost_large
Lair:4:   uniq_kirke
Lair:5:   serial_bayou_lagoon_b, serial_bayou_shore_a,
          infiniplex_staircase_pool_2, serial_bayou_shore_b
Lair:6:   minmay_lair_end_enchanted_forest, slime_altar_1, enter_volcano_1
Volcano:  volcano_lake

Table legend:
 A = Turns spent in this place as a percentage of turns spent in the entire game.
 B = Non-inter-level travel turns spent in this place as a percentage of non-inter-level travel turns spent in the entire game.
 C = Inter-level travel turns spent in this place as a percentage of turns spent in this place.
 D = Turns resting spent in this place as a percentage of non-inter-level travel turns spent in this place.
 E = Turns spent auto-exploring this place as a percentage of non-inter-level travel turns spent in this place.
 F = Non-inter-level travel turns spent in this place divided by the number of levels of this place that you've seen.
                   A       B       C       D       E      F
               +-------+-------+-------+-------+-------+----------------------
         Total | 100.0 | 100.0 |   4.7 |  30.3 |  44.0 | 1047.6
       Dungeon |  66.7 |  66.8 |   4.6 |  31.4 |  43.5 | 1130.1
        Temple |   0.3 |   0.3 |  20.3 |   0.0 |  66.7 |  63.0
          Lair |  30.9 |  30.8 |   5.0 |  28.9 |  45.7 | 1130.0
       Volcano |   2.0 |   2.1 |   0.0 |  20.6 |  31.6 | 465.0
               +-------+-------+-------+-------+-------+----------------------

Table legend:
 A = Kills in this place as a percentage of kills in entire the game.
 B = Kills by you in this place as a percentage of kills by you in the entire game.
 C = Kills by friends in this place as a percentage of kills by friends in the entire game.
 D = Other kills in this place as a percentage of other kills in the entire game.
 E = Experience gained in this place as a percentage of experience gained in the entire game.
 F = Experience gained in this place divided by the number of levels of this place that you have seen.
                   A       B       C       D       E      F
               +-------+-------+-------+-------+-------+----------------------
         Total | 100.0 | 100.0 |   N/A |   N/A | 100.0 | 4721.9
       Dungeon |  65.3 |  65.3 |   N/A |   N/A |  41.9 | 3194.5
          Lair |  32.8 |  32.8 |   N/A |   N/A |  53.6 | 8859.5
       Volcano |   1.9 |   1.9 |   N/A |   N/A |   4.5 | 4474.0
               +-------+-------+-------+-------+-------+----------------------
